 Dungeon Crawl Stone Soup version 0.21.1-1-g345015fe64 (webtiles) character file.

436 DildoBatman the Skirmisher (level 7, -1/55 HPs)
             Began as a Formicid Enchanter on Mar 17, 2018.
             Was an Initiate of Sif Muna.
             Slain by a centaur (4 damage)
             ... on level 5 of the Dungeon.
             The game lasted 00:10:04 (4060 turns).

DildoBatman the Skirmisher (Formicid Enchanter)     Turns: 4060, Time: 00:10:05

Health: -1/55      AC:  6    Str: 15    XL:     7   Next: 21%
Magic:  3/11       EV: 11    Int: 14    God:    Sif Muna [......]
Gold:   270        SH:  0    Dex: 11    Spells: 7/11 levels left

rFire    . . .     SeeInvis +   a - +1 spear (vamp)
rCold    . . .     Gourm    .   (no shield)
rNeg     . . .     Faith    .   l - +0 ring mail
rPois    .         Spirit   .   (helmet unavailable)
rElec    .         Reflect  .   (no cloak)
rCorr    .         Harm     .   (no gloves)
MR       .....                  z - +0 pair of boots
Stlth    +.........             (no amulet)
HPRegen  0.18/turn              (no ring)
MPRegen  0.12/turn              (no ring)

@: confused
A: permanent stasis, dig shafts and tunnels, four strong arms, antennae 3
a: Dig, Shaft Self, Renounce Religion


You were on level 5 of the Dungeon.
You worshipped Sif Muna.
Sif Muna was noncommittal.
You were near starving.

You visited 2 branches of the dungeon, and saw 6 of its levels.

You collected 270 gold pieces.

Inventory:

Hand Weapons
 a - a +1 vampiric spear (weapon)
 m - a +2 dagger of flaming
Missiles
 e - 116 stones (quivered)
 g - 68 arrows
 i - 16 bolts
 n - 47 sling bullets
 r - 21 poisoned needles
Armour
 l - a +0 ring mail (worn)
 z - a +0 pair of boots (worn)
Jewellery
 f - an uncursed ring of ice
 o - an uncursed ring of ice
Wands
 v - a wand of polymorph (13)
Scrolls
 b - 3 scrolls of teleportation {unknown}
 d - a scroll of enchant weapon {unknown}
 j - 3 scrolls of remove curse {unknown}
 k - a scroll of amnesia {unknown}
 p - 2 scrolls of magic mapping {unknown}
 u - 2 scrolls of identify {unknown}
 w - a scroll of immolation {unknown}
 y - a scroll of enchant armour {unknown}
 A - a scroll of blinking {unknown}
Potions
 h - a potion of ambrosia {unknown}
 q - 2 potions of resistance {unknown}
 t - 3 potions of haste {unknown}
 x - a potion of mutation {unknown}
Books
 c - a book of Maledictions

   Spells                             Type                      Level
   a - Corona                         Hexes                        1
   b - Ensorcelled Hibernation        Hexes/Ice                    2
   c - Confuse                        Hexes                        3
   d - Tukima's Dance                 Hexes                        3
   e - Dazzling Spray                 Conjuration/Hexes            3
Comestibles
 s - 4 rations


   Skills:
 * Level 4.9 Fighting
 - Level 1.0 Short Blades
 * Level 3.6 Armour
 * Level 2.4 Dodging
 * Level 4.5 Stealth
 * Level 2.7 Spellcasting
 * Level 4.1 Hexes


You had 7 spell levels left.
You knew the following spells:

 Your Spells              Type           Power        Failure   Level  Hunger
a - Corona                Hex            ##.....      8%          1    #......
b - Confuse               Hex            ##......     24%         3    ###....


Dungeon Overview and Level Annotations

Branches:
Dungeon (5/15)             Temple (1/1) D:4

Altars:
Ashenzari
Cheibriados
Dithmenos
Elyvilon
Fedhas
Gozag
Kikubaaqudgha
Makhleb
Nemelex Xobeh
Okawaru
Qazlal
Ru
Sif Muna
Trog
Uskayaw
Vehumet
Wu Jian
Xom
Yredelemnul
Zin
The Shining One

Annotations:
D:3 Slothtographer's ghost, amateur DrTm
D:5 DildoBatman's ghost, amateur FoEn


Innate Abilities, Weirdness & Mutations

You cannot be hasted, slowed, berserked, paralysed or teleported.
You can dig through walls and to a lower floor.
Your four strong arms can wield two-handed weapons with a shield.
You have a pair of large antennae on your head. (SInv)


Message History

The centaur completely misses you.
DildoBatman's ghost casts a spell at you.
You resist with some effort.
You closely miss the centaur.
The centaur is almost dead.
The centaur hits you!
The centaur hits you but does no damage.
DildoBatman's ghost points at you and mumbles some strange words.
You are confused.
You're too confused to move!
The centaur hits you. x2
You barely miss the centaur.
The centaur is almost dead.
The centaur hits you.
DildoBatman's ghost casts a spell at you.
You resist with some effort.
You're too confused to move!
The centaur misses you. The centaur hits you.
You die...

#?#......## .#
#.###.#.#.#.#.#.#####
#...........W{.......
#####.#.#.#.##.######
#.#.....# .#
..###.### .. ### #.#
### #..#######.#
#....c@.W..#
#.##########


You could see a centaur and DildoBatman's ghost.

Vanquished Creatures
  A phantom (D:4)
  A scorpion (D:4)
  A hound (D:4)
  A centaur skeleton (D:3)
  2 orc wizards (D:4)
  A worker ant (D:4)
  A howler monkey skeleton (D:3)
  7 adders
  An adder skeleton (D:3)
  6 worms
  A dart slug (D:2)
  A leopard gecko (D:2)
  2 orcs (D:4)
  4 giant cockroaches
  7 goblins
  8 hobgoblins
  4 jackals (D:3)
  A quokka (D:3)
  2 ball pythons
  10 bats
  6 frilled lizards
  A giant cockroach zombie (D:3)
  A jackal zombie (D:3)
  A kobold (D:1)
  A leopard gecko skeleton (D:3)
  4 rats
76 creatures vanquished.

Notes
Turn   | Place    | Note
-------+----------+-------------------------------------------
     0 | D:1      | DildoBatman the Formicid Enchanter began the quest for the Orb.
     0 | D:1      | Reached XP level 1. HP: 13/13 MP: 3/3
   271 | D:1      | Reached skill level 1 in Fighting
   418 | D:1      | Reached XP level 2. HP: 18/22 MP: 1/5
   740 | D:2      | Reached XP level 3. HP: 27/28 MP: 3/6
   745 | D:2      | Learned a level 3 spell: Confuse
  1219 | D:2      | Reached XP level 4. HP: 35/35 MP: 5/7
  1254 | D:2      | Reached skill level 1 in Armour
  2128 | D:3      | Noticed Slothtographer's ghost (amateur DrTm)
  2154 | D:4      | Reached XP level 5. HP: 37/41 MP: 8/8
  2297 | D:4      | Found a staircase to the Ecumenical Temple.
  2308 | Temple   | Entered the Ecumenical Temple
  2316 | Temple   | Became a worshipper of Sif Muna the Loreminder
  2574 | D:4      | Noticed a phantom
  2624 | D:4      | Killed a phantom
  2624 | D:4      | Reached XP level 6. HP: 6/49 MP: 6/9
  3445 | D:3      | Reached XP level 7. HP: 54/55 MP: 8/10
  3805 | D:2      | HP: 2/55 [poisoned by Slothtographer's ghost]
  3811 | D:2      | HP: 1/55 [poisoned by Slothtographer's ghost]
  3819 | D:2      | HP: 1/55 [poisoned by Slothtographer's ghost]
  3990 | D:5      | Entered Level 5 of the Dungeon
  3999 | D:5      | Noticed DildoBatman's ghost (amateur FoEn)
  4060 | D:5      | Slain by a centaur

Skill      XL: |  1  2  3  4  5  6 |
---------------+-------------------+-----
Fighting       | 1 2 3 4 |  4.9
Dodging        | 2 |  2.4
Armour         | 3 |  3.6
Stealth        | 4 |  4.5
Hexes          | 4 |  4.1
Short Blades   | |  1.0
Spellcasting   | |  2.7

Action                   |  1- 3 |  4- 6 |  7- 9 || total
-------------------------+-------+-------+-------++-------
Melee: Dagger            |    12 |       |       ||    12
       Spear             |    94 |   206 |    92 ||   392
 Cast: Corona            |    15 |    24 |     9 ||    48
       Confuse           |       |     2 |     7 ||     9
 Stab: Sleeping          |     8 |     8 |     2 ||    18
       Confused          |       |     2 |       ||     2
  Eat: Chunk             |     2 |     8 |     2 ||    12
       Ration            |     1 |       |       ||     1
Armor: Robe              |     3 |       |       ||     3
       Ring mail         |    30 |    46 |    26 ||   102
Dodge: Dodged            |    36 |    98 |    49 ||   183
